 Dungeon Crawl Stone Soup version 0.31-a0-198-g2ad674f65e (webtiles) character file.

Game seed: 8122532896592864316

58 qw the Shooter (level 3, 0/20 HPs)
             Began as a Deep Elf Hunter on June 25, 2023.
             Slain by a cerulean imp
             ... wielding a +1 spear
             ... summoned by Natasha
              (4 damage)
             ... on level 2 of the Dungeon.
             The game lasted 00:00:23 (1158 turns).

qw the Shooter (Deep Elf Hunter)                    Turns: 1158, Time: 00:00:24

Health: 0/20       AC:  5    Str: 10    XL:     3   Next: 75%
Magic:  5/5        EV: 11    Int: 13    God:
Gold:   57         SH:  0    Dex: 18    Spells: 2/2 levels left

rFire   . . .        Y - +0 shortbow
rCold   . . .        (shield currently unavailable)
rNeg    . . .        e - +0 ring mail
rPois   .            (no helmet)
rElec   .            (no cloak)
rCorr   .            (no gloves)
SInv    .            (no boots)
Will    .....        (no amulet)
Stlth   +            (no ring)
HPRegen 0.23/turn    (no ring)
MPRegen 0.09/turn

%: no passive effects
@: no status effects
A: no striking features
a: no special abilities


You were on level 2 of the Dungeon.
You visited 1 branch of the dungeon, and saw 2 of its levels.

You collected 57 gold pieces.


   Skills:
 - Level 1.5 Fighting
 + Level 7.2 Ranged Weapons
 - Level 2.4 Dodging
 - Level 1.2 Stealth


You had 2 spell levels left.
You didn't know any spells.
Your spell library was empty.

Inventory:

Hand Weapons
 Y - a +0 shortbow (weapon)
Armour
 b - a +0 pair of gloves
 e - a +0 ring mail (worn)
 f - the +2 helmet "Xieghuaf" {+Inv rN++ rCorr Str+3}
   (You found it on level 2 of the Dungeon)

   Str:       It affects your strength (+3).
   rN:        It greatly protects you from negative energy.
   +Inv:      It lets you turn invisible.
   rCorr:     It protects you from acid and corrosion.
Jewellery
 c - a ring of fire
Potions
 a - a potion of might {unknown}
 d - a potion of curing
 g - a potion of heal wounds {unknown}

Dungeon Overview and Level Annotations

Branches:
Dungeon (2/15)

Altars:

Annotations:
D:2 Natasha


Message History

Enter note:
Enter note:
Enter note:
Enter note: Natasha, Servant of Life and Death comes into view.
Enter note:
Enter note:
Enter note:
Enter note:
Enter note:
Enter note: You shoot an arrow.
The arrow barely misses Natasha.
Natasha casts a spell at you. You resist with some effort.
You shoot an arrow. The arrow barely misses Natasha.
You shoot an arrow. The arrow barely misses Natasha.
You shoot an arrow. The arrow closely misses Natasha.
You shoot an arrow. The arrow barely misses Natasha.
Natasha barely misses you.
Natasha stares at you and mumbles some strange words.
You resist with some effort.
You shoot an arrow. The arrow hits Natasha.
Natasha is moderately wounded.
Natasha claws you!
You shoot an arrow.
The arrow hits Natasha but does no damage.
Natasha is moderately wounded.
Natasha claws you.
You shoot an arrow. The arrow closely misses Natasha.
Natasha closely misses you.
You shoot an arrow. The arrow hits Natasha.
Natasha is heavily wounded.
Natasha claws you.
You shoot an arrow. The arrow hits Natasha.
Natasha is severely wounded.
Natasha mumbles some strange words.
You shoot an arrow. The arrow barely misses Natasha.
Natasha closely misses you.
The cerulean imp hits you with a +1 spear.
You die...

#.#
#..#######.
#.#
##....###..
#.#
####......
##.#
#######.#.
#..#
........##
##.##
..........
#..#
..........
#5##
..........
#@#
..........
#.h#
..........
#.##
).........
#.
..........
..
........#.
...
#########.
... ## ....
#


You could see Natasha and a cerulean imp (summoned).

Vanquished Creatures
  2 adders (D:2)
  2 worms (D:2)
  A dart slug (D:1)
  2 ball pythons (D:1)
  7 bats
  3 endoplasms
  2 giant cockroaches (D:1)
  A goblin (D:1)
  A hobgoblin (D:1)
  2 quokkas (D:2)
  A frilled lizard (D:1)
  3 kobolds
  3 rats
30 creatures vanquished.

Notes
Turn   | Place    | Note
-------+----------+-------------------------------------------
     0 | D:1      | qw the Deep Elf Hunter began the quest for the Orb.
     0 | D:1      | Reached XP level 1. HP: 12/12 MP: 3/3
     0 | D:1      | 0 ||| qw: Version: 0.3-a-22-g0ed2b0b
     0 | D:1      | 0 ||| qw: Game counter: 4977
     0 | D:1      | 0 ||| qw: Melee chars always use a shield: true
     0 | D:1      | 0 ||| qw: God list: Okawaru
     0 | D:1      | 0 ||| qw: Allow faded altars: false
     0 | D:1      | 0 ||| qw: Do Orc after clearing Dungeon:15 true
     0 | D:1      | 0 ||| qw: Do second Lair branch before Depths: true
     0 | D:1      | 0 ||| qw: Lair rune preference: random
     0 | D:1      | 0 ||| qw: Goals: Normal
     0 | D:1      | 0 ||| PLANNING D:1-11
   160 | D:1      | Reached skill level 6 in Ranged Weapons
   160 | D:1      | Reached XP level 2. HP: 14/16 MP: 4/4
   842 | D:1      | 842 ||| UPGRADING to +0 ring mail.
   852 | D:1      | 852 ||| DROPPING +0 leather armour.
   853 | D:1      | 853 ||| READING scroll labelled QOHEFR ZOTOM.
   854 | D:1      | 854 ||| DRINKING 2 bubbling emerald potions.
   855 | D:1      | 855 ||| DROPPING scroll of butterflies.
   918 | D:2      | Reached XP level 3. HP: 20/20 MP: 5/5
  1061 | D:2      | Reached skill level 7 in Ranged Weapons
  1132 | D:2      | Identified the +2 helmet "Xieghuaf" {+Inv rN++ rCorr Str+3}
  1147 | D:2      | Noticed Natasha
  1156 | D:2      | HP: 3/20 [Natasha (4)]
  1158 | D:2      | Slain by a cerulean imp

Levels and vault maps discovered:
D:1:      sevenhm_arrival_forest_fort_large_4, layout_loops_corners,
          minmay_cut_off
D:2:      layout_rooms, uniq_natasha, uniq_sigmund

Skill      XL: |  1  2  3 |
---------------+----------+-----
Ranged Weapons | 6 7 |  7.2
Fighting       | |  1.5
Dodging        | |  2.4
Stealth        | |  1.2

Action                     || total
---------------------------++-------
   Fire: Shortbow          ||    96
    Use: Scroll            ||     1
         Potion            ||     1
 Armour: Leather armour    ||     1
         Ring mail         ||     6
  Dodge: Dodged            ||    15

Table legend:
 A = Non-vault XP
 B = Vault XP
 C = Vault XP percentage of total XP
 D = Non-vault monster count
 E = Vault monster count
 F = Vault count percentage of total count
                 A         B        C        D         E       F
            +---------+---------+-------+---------+---------+-------
      Total |      77 |       6 |   7.2 |      26 |       4 |  13.3
            +---------+---------+-------+---------+---------+-------
        D:1 |      28 |       6 |  17.6 |      15 |       4 |  21.1
        D:2 |      49 |       0 |   0.0 |      11 |       0 |   0.0
            +---------+---------+-------+---------+---------+-------
